 Dungeon Crawl Stone Soup version 0.30-a0-292-g0f741e3f8e (webtiles) character file.

Game seed: 162520132064843049

126 fozzywoppz the Covered (level 4, 0/41 HPs)
             Began as a Minotaur Fighter on Oct 17, 2022.
             Slain by a quokka (2 damage)
             ... on level 3 of the Dungeon.
             The game lasted 00:04:23 (1784 turns).

fozzywoppz the Covered (Minotaur Fighter)           Turns: 1784, Time: 00:04:23

Health: 0/41       AC:  7    Str: 23    XL:     4   Next: 84%
Magic:  3/3        EV:  9    Int:  5    God:
Gold:   63         SH:  4    Dex:  9    Spells: 3/3 levels left

rFire   + . .      SeeInvis .    o - +0 morningstar
rCold   + . .      Faith    .    c - +0 buckler
rNeg    . . .      Spirit   .    b - +0 scale mail
rPois   +          Reflect  .    (helmet restricted)
rElec   +          Harm     .    (no cloak)
rCorr   +          Rampage  .    (no gloves)
Will    .....                    (no boots)
Stlth   ..........               (no amulet)
HPRegen 0.26/turn                (no ring)
MPRegen 0.08/turn                (no ring)

@: lethally poisoned (0 -> -6), resistant, attractive
A: horns 2, retaliatory headbutt
a: no special abilities


You were on level 3 of the Dungeon.
You visited 1 branch of the dungeon, and saw 3 of its levels.

You collected 63 gold pieces.

Inventory:

Hand Weapons
 a - a +0 war axe
 o - a +0 morningstar (weapon)
 p - a +0 dagger of speed
Missiles
 l - 2 javelins (quivered)
 n - 14 poisoned darts
Armour
 b - a +0 scale mail (worn)
 c - a +0 buckler (worn)
Scrolls
 f - a scroll of poison {unknown}
 g - a scroll of teleportation {unknown}
 h - 2 scrolls of fear {unknown}
 i - a scroll of magic mapping {unknown}
 j - 3 scrolls of fog {unknown}
 k - 4 scrolls of identify {unknown}
Potions
 d - a potion of might
 e - a potion of resistance
 q - a potion of curing {unknown}


   Skills:
 + Level 4.4 Fighting
 - Level 3.5(3.6) Axes
 + Level 1.2(2.5) Maces & Flails
 + Level 4.8 Armour
 + Level 4.4 Shields


You had 3 spell levels left.
You didn't know any spells.
Your spell library contained the following spells:

 Spells                   Type           Power      Damage    Failure   Level
 Sublimation of Blood     Necr           0%         N/A       94%         2
 Wereblood                Tmut           0%         N/A       94%         2
 Ignite Poison            Fire/Tmut/Pois 0%         N/A       99%         3
 Kindle Blastsparks       Fire/Tloc/Air  0%         2d10      99%         3
 Freezing Cloud           Conj/Ice/Air   0%         6-21      100%        5
 Summon Hydra             Summ           0%         N/A       100%        7


Dungeon Overview and Level Annotations

Branches:
Dungeon (3/15)

Altars:

Annotations:
D:3 1 runed translucent door, hgbash's ghost, amateur SpCj


Innate Abilities, Weirdness & Mutations

You have a pair of horns on your head.
You reflexively headbutt those who attack you in melee.


Message History

Natasha is almost dead.
Natasha casts a spell at you. You resist with some effort. Natasha claws you!
You hit Natasha.
You kill Natasha!
Natasha screams in pain as she dies!
Your base Maces & Flails skill increases to level 1!
A kobold and a quokka come into view.
The kobold is wielding a +1 dagger of holy wrath and quivering poisoned darts.
The kobold shouts!
Found a scroll labelled UNIMOM KYMYAC.
The kobold throws a poisoned dart.
The poisoned dart hits you!
You are poisoned.
You feel very sick. The quokka bites you.
You closely miss the quokka.
You feel sick. The quokka bites you. x2
You are too injured to fight recklessly!
You closely miss the quokka.
You feel sick.
The quokka bites you but does no damage.
The quokka bites you.
* * * LOW HITPOINT WARNING * * *
You barely miss the quokka.
You feel sick. The quokka barely misses you.
The kobold throws a poisoned dart.
The poisoned dart barely misses you.
You barely miss the quokka.
You feel sick.
The quokka bites you but does no damage.
The kobold throws a poisoned dart.
The poisoned dart hits you!
You are lethally poisoned!
The quokka bites you.
* * * LOW HITPOINT WARNING * * *
Unknown command.
It was a potion of resistance.
You feel protected.
* * * LOW HITPOINT WARNING * * *
You feel sick.
The quokka bites you but does no damage.
It was a potion of attraction.
You feel attractive to monsters.
* * * LOW HITPOINT WARNING * * *
You feel sick. The quokka bites you.
You die...

###....## #..##..
#....#####.###.#
###..........##..#
##......#######.
## #### #..#....#
..... #.#######
......##.# #####
......K..##......
####
.........@r......
##...
#########........
...... #........
.##### #......?.
#........
#........
##....... .......


You could see a quokka and a kobold.

Vanquished Creatures
  Natasha (D:3)
  Robin (D:3)
  An adder (D:2)
  2 dart slugs
  6 ball pythons
  7 bats
  3 endoplasms
  4 giant cockroaches
  6 hobgoblins
  3 jackals (D:1)
  6 kobolds
  2 quokkas
  2 frilled lizards (D:1)
  17 goblins
  6 rats (D:1)
67 creatures vanquished.

Notes
Turn   | Place    | Note
-------+----------+-------------------------------------------
     0 | D:1      | fozzywoppz the Minotaur Fighter began the quest for the
                  | Orb.
     0 | D:1      | Reached XP level 1. HP: 19/19 MP: 0/0
    99 | D:1      | Reached XP level 2. HP: 26/27 MP: 1/1
   466 | D:1      | Reached XP level 3. HP: 33/33 MP: 2/2
  1270 | D:3      | Reached XP level 4. HP: 40/40 MP: 3/3
  1282 | D:3      | Noticed hgbash's ghost (amateur SpCj)
  1284 | D:3      | Found a runed translucent door.
  1332 | D:3      | Noticed Robin
  1556 | D:3      | Killed Robin
  1770 | D:3      | Noticed Natasha
  1775 | D:3      | Killed Natasha
  1776 | D:3      | Reached skill level 1 in Maces & Flails
  1784 | D:3      | HP: 2/41 [poisoned by a kobold]
  1784 | D:3      | Slain by a quokka

Illustrated notes

Levels and vault maps discovered:
D:1:      amcnicky_arrival_blooded_trapdoor, layout_basic
D:2:      minmay_general_purpose_star, layout_rooms
D:3:      layout_rooms, ebering_ghost_sewer_d, uniq_natasha,
          uniq_crazy_yiuf_cottage, uniq_robin

Skill      XL: |  1  2  3  4 |
---------------+-------------+-----
Armour         | 4 |  4.8
Shields        | 4 |  4.4
Axes           | 3 |  3.5
Fighting       | 4 |  4.4
Maces & Flails | 1 |  1.2

Action                   |  1- 3 |  4- 6 || total
-------------------------+-------+-------++-------
Melee: War axe           |    81 |       ||    81
       Headbutt          |     4 |     8 ||    12
       Morningstar       |       |    42 ||    42
  Use: Potion            |       |     2 ||     2
Armor: Scale mail        |    56 |    34 ||    90
Dodge: Dodged            |    44 |    19 ||    63
Block: Buckler           |    19 |    18 ||    37

Table legend: (Time is in decaauts)
 A = Elapsed time spent in this place.
 B = Non-inter-level travel time spent in this place.
 C = Inter-level travel time spent in this place.
 D = Time resting spent in this place.
 E = Time spent auto-exploring this place.
 F = Levels seen in this place.
 G = Mean time per level.
                   A        B        C        D        E       F      G
               +--------+--------+--------+--------+--------+-----+--------+
         Total |   1835 |   1793 |     42 |    165 |   1165 |   3 |  611.7 |
       Dungeon |   1835 |   1793 |     42 |    165 |   1165 |   3 |  611.7 |
               +--------+--------+--------+--------+--------+-----+--------+

Top non-repeatable levels by time:
     D:1: 753 daAuts
     D:2: 730 daAuts
     D:3: 350 daAuts
